 Dungeon Crawl Stone Soup version 0.25.1-4-g9407a263a5 (webtiles) character file.

Game seed: 5964870772537123931

79 Erymatos the Chopper (level 4, -6/40 HPs)
             Began as a Minotaur Berserker on Nov 25, 2020.
             Was a Believer of Trog.
             Mangled by Natasha (7 damage)
             ... on level 2 of the Dungeon.
             The game lasted 00:01:05 (1204 turns).

Erymatos the Chopper (Minotaur Berserker)           Turns: 1204, Time: 00:01:06

Health: -6/40      AC:  5    Str: 23    XL:     4   Next: 16%
Magic:  3/3        EV: 11    Int:  4    God:    Trog [**....]
Gold:   72         SH:  0    Dex:  9    Spells: 3/3 levels left

rFire    + . .     SeeInvis .   a - +0 hand axe
rCold    x . .     Gourm    .   (no shield)
rNeg     . . .     Faith    .   f - +0 ring mail
rPois    .         Spirit   .   (helmet restricted)
rElec    .         Reflect  .   (no cloak)
rCorr    .         Harm     .   (no gloves)
MR       .....                  (no boots)
Stlth    ..........             (no amulet)
HPRegen  0.13/turn              h - ring of fire
MPRegen  0.08/turn              (no ring)

@: berserk cooldown, slowed, very slow
A: retaliatory headbutt, horns 2
a: Berserk, Trog's Hand, Renounce Religion


You were on level 2 of the Dungeon.
You worshipped Trog.
Trog was pleased with you.
You were not hungry.

You visited 1 branch of the dungeon, and saw 2 of its levels.

You collected 72 gold pieces.

Inventory:

Hand Weapons
 a - a +0 hand axe (weapon)
Armour
 b - a +0 animal skin
 f - a +0 ring mail (worn)
Jewellery
 h - a ring of fire (left hand)
Scrolls
 g - a scroll of identify {unknown}
 k - a scroll of noise {unknown}
 m - a scroll of remove curse {unknown}
 n - 2 scrolls of amnesia {unknown}
 o - a scroll of enchant weapon {unknown}
 q - a scroll of enchant armour {unknown}
Potions
 e - a potion of cancellation {unknown}
 i - a potion of curing {unknown}
 j - a potion of haste {unknown}
 l - a potion of brilliance {unknown}
 p - a potion of mutation {unknown}
Comestibles
 c - 5 rations
 d - 5 chunks of flesh


   Skills:
 + Level 4.2 Fighting
 + Level 5.2 Axes
 + Level 3.1 Armour
 + Level 2.3 Dodging


You had 3 spell levels left.
You didn't know any spells.
Your spell library was empty.

Dungeon Overview and Level Annotations

Branches:
Dungeon (2/15)

Altars:

Annotations:
D:2 Natasha


Innate Abilities, Weirdness & Mutations

You reflexively headbutt those who attack you in melee.
You have a pair of horns on your head.


Message History

Natasha is nearby!
Natasha is nearby!
Unknown command.
Okay, then.
Natasha extends her claws.
Unknown command.
Unknown command.
Natasha claws you.
* * * LOW HITPOINT WARNING * * *
You're still recovering from your berserk rage.
You hit Natasha.
Natasha is lightly wounded.
Natasha barely misses you.
Natasha wildly gestures.
You feel troubled. Natasha closely misses you.
You hit Natasha.
Natasha is moderately wounded.
Natasha claws you!
You die...

#.... .....#. ......####
#.## .....#. #.........#
###... .......
..#..####..###...##
.....#.##................#
..............#####..###..#
......%.......####..<# #..#
#...........#...#.# #.##
#?.....@......###.# ..#
#......h......###.# ..#
#.............!.#.. .#
#...........##. ...
#>...........# ...
#.##.....#...# ...#
#.#..##......## .... #. #
#.# #.......##...#.# #.
#.###..............# #.


You could see Natasha.

Vanquished Creatures
  Natasha (D:2)
  2 adders (D:2)
  2 dart slugs
  3 ball pythons
  A giant cockroach (D:2)
  2 goblins (D:1)
  2 hobgoblins (D:1)
  3 jackals (D:1)
  A quokka (D:2)
  4 bats (D:1)
  3 frilled lizards (D:2)
  5 kobolds (D:1)
  5 rats
34 creatures vanquished.

Notes
Turn   | Place    | Note
-------+----------+-------------------------------------------
     0 | D:1      | Erymatos the Minotaur Berserker began the quest for the
                  | Orb.
     0 | D:1      | Reached XP level 1. HP: 19/19 MP: 0/0
   252 | D:1      | Reached XP level 2. HP: 19/27 MP: 1/1
   391 | D:1      | Reached skill level 4 in Axes
   652 | D:1      | Reached ** piety under Trog
   935 | D:2      | Reached XP level 3. HP: 33/33 MP: 2/2
  1163 | D:2      | Reached skill level 5 in Axes
  1181 | D:2      | Noticed Natasha
  1193 | D:2      | Killed Natasha
  1193 | D:2      | Reached XP level 4. HP: 7/40 MP: 3/3
  1199 | D:2      | Noticed Natasha
  1202 | D:2      | HP: 1/40 [Natasha (5)]
  1204 | D:2      | Mangled by Natasha

Illustrated notes

Levels and vault maps discovered:
D:1:      lemuel_arrival_tunnels, layout_basic, serial_glass, glass_columns_a,
          glass_columns_a, glass_columns_a, glass_columns_a, glass_columns_a,
          glass_columns_a, glass_columns_a, glass_columns_c, amethyst_killhole
D:2:      layout_rooms, first_ration, uniq_natasha

Skill      XL: |  1  2  3 |
---------------+----------+-----
Fighting       | 4 |  4.2
Axes           | 4 5 |  5.2
Armour         | 3 |  3.1
Dodging        | |  2.3

Action                   |  1- 3 |  4- 6 || total
-------------------------+-------+-------++-------
Melee: Hand axe          |    73 |     2 ||    75
       Headbutt          |    10 |       ||    10
Invok: Berserk           |     1 |       ||     1
  Eat: Chunk             |     1 |     1 ||     2
Armor: Ring mail         |    22 |       ||    22
       Animal skin       |     5 |       ||     5
Dodge: Dodged            |    51 |     2 ||    53
